 Dungeon Crawl Stone Soup version 0.31.0-12-g77e489cdc1 (webtiles) character file.

Game seed: 4019217455578828424

289 Gadfly the Trooper (level 6, -1/38 HPs)
             Began as a Gargoyle Fighter on Mar 1, 2024.
             Killed by nerve-wracking pain
             ... invoked by an orc priest
              (3 damage)
             ... on level 4 of the Dungeon.
             The game lasted 00:04:28 (3279 turns).

Gadfly the Trooper (Gargoyle Fighter)               Turns: 3279, Time: 00:04:29

Health: -1/38      AC: 14    Str: 20    XL:     6   Next: 31%
Magic:  8/8        EV:  9    Int:  8    God:
Gold:   252        SH:  4    Dex: 11    Spells: 5/5 levels left

rFire   . . .        a - +0 flail
rCold   . . .        c - +0 buckler
rNeg    + . .        b - +0 scale mail
rPois   ∞            (no helmet)
rElec   +            (no cloak)
rCorr   .            n - +1 pair of gloves
SInv    .            i - +0 pair of boots
Will    .....        g - amulet of regeneration Stlth
                     (no ring)
HPRegen 1.06/turn    (no ring)
MPRegen 0.11/turn

%: no passive effects
@: no status effects
A: sickness immunity, AC +4, negative energy resistance 1, electricity
resistance, torment resistance 1, petrification resistance
a: no special abilities


You were on level 4 of the Dungeon.
You visited 1 branch of the dungeon, and saw 4 of its levels.

You collected 252 gold pieces.

Inventory:

Hand Weapons
 a - a +0 flail (weapon)
Armour
 b - a +0 scale mail (worn)
 c - a +0 buckler (worn)
 i - a +0 pair of boots (worn)
 n - a +1 pair of gloves (worn)
Jewellery
 g - an amulet of regeneration (around neck)
Wands
 m - a wand of polymorph (10) (quivered)
 o - a wand of paralysis (11)
Scrolls
 k - 2 scrolls of fear
Potions
 d - a potion of might
 e - 2 potions of mutation
 f - a potion of ambrosia
 h - a potion of lignification {unknown}
 j - a potion of curing
 l - a potion of invisibility {unknown}


   Skills:
 + Level 4.1 Fighting
 * Level 3.3 Maces & Flails
 + Level 4.0 Armour
 + Level 3.9 Shields
 * Level 2.9 Invocations
 * Level 2.3 Evocations


You had 5 spell levels left.
You didn't know any spells.
Your spell library contained the following spells:

 Spells                   Type           Power      Damage    Failure   Level
 Freeze                   Ice            0%         1d3       83%         1
 Sandblast                Erth           0%         2d4       83%         1
 Frozen Ramparts          Ice            0%         1d1       99%         3
 Hailstorm                Conj/Ice       0%         3d5       99%         3
 Passwall                 Erth           0%         N/A       99%         3
 Stone Arrow              Conj/Erth      0%         3d7       99%         3
 Animate Armour           Summ/Erth      0%         N/A       100%        4
 Brom's Barrelling Bould  Conj/Erth      0%         2d3       100%        4
 Lehudib's Crystal Spear  Conj/Erth      0%         10d2      100%        8


Dungeon Overview and Level Annotations

Branches:
Dungeon (4/15)
 Temple: D:4-7

Altars:
Fedhas
Gozag
Trog
Vehumet
Zin


Innate Abilities, Weirdness & Mutations

You are immune to sickness and miasma.
Your stone body is resilient. (AC +4)
You are immune to poison.
You resist negative energy. (rN+)
You are resistant to electric shocks. (rElec)
You are resistant to unholy torment.
You are immune to petrification.


Message History

You barely miss the orc priest.
The orc priest invokes the aid of Beogh against you.
Pain shoots through your body!
The orc priest mumbles some strange prayers to Beogh against you.
Beogh smites you!
You are too injured to fight recklessly!
You are too injured to fight recklessly!
You are too injured to fight recklessly!
You are too injured to fight recklessly!
You are too injured to fight recklessly!
You are too injured to fight recklessly!
You are too injured to fight recklessly!
You are too injured to fight recklessly!
You are too injured to fight recklessly!
You are too injured to fight recklessly!
You are too injured to fight recklessly!
You are too injured to fight recklessly!
You are too injured to fight recklessly!
You are too injured to fight recklessly!
You are too injured to fight recklessly!
You are too injured to fight recklessly!
You are too injured to fight recklessly!
You are too injured to fight recklessly!
You are too injured to fight recklessly!
You are too injured to fight recklessly!
Unknown command.
There are monsters nearby!
You barely miss the orc priest. The orc priest closely misses you.
The orc priest mumbles some strange prayers to Beogh against you.
Beogh smites you!
* * * LOW HITPOINT WARNING * * *
The orc priest hits you with a +0 flail.
* * * LOW HITPOINT WARNING * * *
You closely miss the orc priest.
The orc priest hits you with a +0 flail.
* * * LOW HITPOINT WARNING * * *
You closely miss the orc priest. The orc priest barely misses you.
The orc priest invokes the aid of Beogh against you.
Pain shoots through your body!
You die...

... ....< #..... . ...... .
..## #...... .....####.......
......o.........
#o@............... #.
###...............# #..
##................# #..
###..................
#..#####....................
###.........##................
...........###................
.........### #.....†......#
#.......## #............#


You could see 2 orc priests.

Vanquished Creatures
  A bombardier beetle (D:3)
  A hound (D:4)
  Natasha (thrice) (D:3)
  3 gnolls (D:4)
  3 adders
  A shadow imp (D:4)
  3 ribbon worms (D:3)
  2 dart slugs
  5 orcs
  5 endoplasms
  A giant cockroach (D:1)
  6 goblins
  6 hobgoblins
  8 jackals
  3 kobolds
  A quokka (D:1)
  4 ball pythons
  13 bats
  3 frilled lizards
  7 rats
79 creatures vanquished.

Notes
Turn   | Place    | Note
-------+----------+-------------------------------------------
     0 | D:1      | Gadfly the Gargoyle Fighter began the quest for the Orb.
     0 | D:1      | Reached XP level 1. HP: 14/14 MP: 1/1
   336 | D:1      | Reached XP level 2. HP: 17/19 MP: 2/2
  1015 | D:2      | Reached skill level 1 in Invocations
  1224 | D:2      | Reached XP level 3. HP: 23/23 MP: 3/3
  1244 | D:2      | Reached skill level 1 in Evocations
  1562 | D:3      | Noticed Natasha
  1577 | D:3      | Killed Natasha
  1578 | D:3      | Reached XP level 4. HP: 19/28 MP: 3/5
  1681 | D:3      | Noticed Natasha
  1693 | D:3      | Killed Natasha
  1694 | D:3      | Reached XP level 5. HP: 24/33 MP: 6/6
  1884 | D:3      | Found a bloodstained altar of Trog.
  1884 | D:3      | Found a blossoming altar of Fedhas.
  1884 | D:3      | Found a radiant altar of Vehumet.
  1885 | D:3      | Found an opulent altar of Gozag.
  2031 | D:3      | Noticed Natasha
  2045 | D:3      | Killed Natasha
  2920 | D:4      | Reached XP level 6. HP: 32/38 MP: 7/7
  3181 | D:4      | Found a glowing silver altar of Zin.
  3278 | D:4      | HP: 1/38 [orc priest/+0 flail (3)]
  3279 | D:4      | Killed from afar by an orc priest

Illustrated notes

Levels and vault maps discovered:
D:1:      spicycebolla_arrival_ecumenical, layout_loops_ring, minmay_bisected
D:2:      layout_loops_ring
D:3:      layout_loops_ring, chequers_temple_overflow_statue_of_worship,
          serial_bayou, serial_bayou_shore_b, serial_bayou_pond_b,
          serial_bayou_pond_a, serial_bayou_shore_a, roderic_cross_of_infinity,
          minmay_crystal_water, roderic_batcave, uniq_natasha
D:4:      layout_layer_cave, lemuel_tele_altar

Skill      XL: |  1  2  3  4  5  6 |
---------------+-------------------+-----
Invocations    | 1 2 |  2.9
Evocations     | 1 2 |  2.3
Maces & Flails | 3 |  3.3
Fighting       | 4 |  4.1
Armour         | 4 |  4.0
Shields        | |  3.9

Action                     |  1- 3 |  4- 6 || total
---------------------------+-------+-------++-------
  Melee: Flail             |   102 |   132 ||   234
         Unarmed           |       |    10 ||    10
    Use: Scroll            |     6 |     2 ||     8
         Potion            |       |     1 ||     1
 Armour: Scale mail        |    90 |   108 ||   198
         Skin              |       |     7 ||     7
  Dodge: Dodged            |    63 |    77 ||   140
  Block: Buckler           |    27 |    36 ||    63
